 Dungeon Crawl Stone Soup version 0.31-a0-968-g24f9ace8b5 (webtiles) character file.

Game seed: 3873073282329983194

387 avis the Ducker (level 6, 28/28 HPs)
             Began as a Felid Shapeshifter on Oct 27, 2023.
             Got out of the dungeon alive.
             The game lasted 00:21:07 (4993 turns).

avis the Ducker (Felid Shapeshifter)                Turns: 4993, Time: 00:21:08

Health: 28/28      AC:  2    Str: 10    XL:     6   Next: 49%
Magic:  7/7        EV: 20    Int: 11    God:
Gold:   236        SH:  0    Dex: 18    Spells: 5/5 levels left
                                        Lives:  1   Deaths: 1

rFire   . .          .
                       - Unarmed
rCold   . . .        (shield unavailable)
rNeg    . . .        (body armour unavailable)
rPois   .            (helmet unavailable)
rElec   .            (cloak unavailable)
rCorr   .            (gloves unavailable)
SInv    +            (boots unavailable)
Will    .....        (no amulet)
Stlth   ++           (no ring)
HPRegen 0.24/turn    (no ring)
MPRegen 0.10/turn

%: no passive effects
@: beast-form, quick
A: beast (slay +3), very small, claws 1, fangs 3, see invisible, speed 1, shaggy
fur 2, stealthy paws, no weapons or thrown items, no armour, multi-lived
a: Begin Untransformation


You escaped.
You were a hulking beast.
You visited 1 branch of the dungeon, and saw 5 of its levels.

You collected 236 gold pieces.

Inventory:

Jewellery
 t - an amulet of the acrobat
Talismans
 b - a beast talisman
 c - a flux talisman
 l - a beast talisman
Wands
 o - a wand of digging (5)
Scrolls
 e - a scroll of amnesia
 f - 3 scrolls of noise {unknown}
 g - a scroll of fog
 i - a scroll of fear
 q - a scroll of poison {unknown}
 r - a scroll of teleportation {unknown}
 s - a scroll of immolation {unknown}
Potions
 a - a potion of lignification
 d - a potion of invisibility {unknown}
 h - 3 potions of degeneration
 j - a potion of mutation
 k - 2 potions of enlightenment
 m - a potion of resistance
 n - a potion of haste
 p - 2 potions of heal wounds


   Skills:
 * Level 3.3 Fighting
 - Level 6.0 Dodging
 - Level 3.0 Unarmed Combat
 - Level 5.3 Shapeshifting


You had 5 spell levels left.
You didn't know any spells.
Your spell library contained the following spells:

 Spells                   Type           Power      Damage    Failure   Level
 Foxfire                  Conj/Fire      0%         2x1d4     34%         1
 Freeze                   Ice            0%         1d3       34%         1
 Wereblood                Tmut           0%         N/A       47%         2
 Frozen Ramparts          Ice            0%         1d1       71%         3
 Hailstorm                Conj/Ice       0%         3d3       71%         3
 Irradiate                Conj/Tmut      0%         3d11      100%        5
 Plasma Beam              Fire/Air       0%         2x1d10    100%        6
 Starburst                Conj/Fire      0%         6d3       100%        6


Dungeon Overview and Level Annotations

Branches:
Dungeon (5/15)
 Temple: D:4-7

Altars:
Kikubaaqudgha
Ru

Portals:
Abyss: D:4

Annotations:
D:4 2 transporters, Tollund's ghost, novice OpSh


Innate Abilities, Weirdness & Mutations

You are a hulking beast.
Your limbs bulge with bestial killing power. (Slay +3)
You have sharp claws.
You have razor-sharp teeth.
You have supernaturally acute eyesight. (SInv)
You cover ground quickly. (Speed+)
You are covered in thick fur. (AC +2)
Your paws help you pounce on unaware monsters.
You are incapable of wielding weapons or throwing items.
You cannot wear armour.
You gain extra lives every three experience levels.


Message History

You scratch the scorpion.
The scorpion is lightly wounded.
The scorpion completely misses you. The scorpion misses you.
You claw the scorpion!
The scorpion is heavily wounded.
The scorpion closely misses you.
You scratch the scorpion.
The scorpion is heavily wounded.
The scorpion completely misses you.
You scratch the scorpion.
The scorpion is almost dead.
The scorpion misses you.
You closely miss the scorpion.
The scorpion is almost dead.
The scorpion misses you.
You scratch the scorpion.
You kill the scorpion!
Training target 6.0 for Dodging reached!
Your Dodging skill increases to level 6!
You need to enable at least one skill for training.
What level of the Dungeon? (default 4, ? - help)
There is a stone staircase leading up here.
You climb upwards.
Level annotation: 2 transporters, Tollund's ghost, novice OpSh
There is a stone staircase leading down here.
There is an open door here.
There is an open door here.
There is a stone staircase leading up here.
You climb upwards.
There is a stone staircase leading down here.
There is a stone staircase leading up here.
You climb upwards.
There is a stone staircase leading down here.
There is a stone staircase leading up here.
You climb upwards.
There is a stone staircase leading down here.
You see here a +0 club.
There is an open door here.
There is a staircase leading out of the dungeon here.
You have escaped!

#.#........###...##.#.##...#...##
#.#..............##.#.##...#...#
#.#........####..##.#.##...#...#
..........................%#...#
#+#...##.###############...#...##
......###.### #.# ###.#...)....
......# ##..####'####..######..#.
......######..'...'..### #..#.
......#.# ####.h.#### #..#.
......#.####..'...'..#########.#.
#.......##..####'####..##......#.
#.......#.### #.# ###.#......#.
.....##..#### #### ##.......##
............# #..# ##......#
#)..........####..# #......#
..................# #......##
.........##.####..### #####.....


There were no monsters in sight!

Vanquished Creatures
  2 scorpions
  An orc priest (D:4)
  Natasha (thrice) (D:1)
  An orc wizard (D:4)
  4 adders
  A dart slug (D:3)
  8 orcs
  6 bat skeletons (D:3)
  A bat zombie (D:3)
  3 endoplasms
  6 giant cockroaches
  7 goblins
  2 hobgoblins
  9 jackals
  A quokka (D:1)
  14 ball pythons
  7 bats
  2 frilled lizards
  7 kobolds
  6 rats
91 creatures vanquished.

Notes
Turn   | Place    | Note
-------+----------+-------------------------------------------
     0 | D:1      | avis the Felid Shapeshifter began the quest for the Orb.
     0 | D:1      | Reached XP level 1. HP: 9/9 MP: 2/2
   169 | D:1      | Reached XP level 2. HP: 11/13 MP: 3/3
   170 | D:1      | Reached skill level 3 in Dodging
   702 | D:1      | Reached XP level 3. HP: 16/16 MP: 4/4
  1187 | D:2      | Reached skill level 4 in Dodging
  1363 | D:2      | Noticed Natasha
  1419 | D:1      | Killed Natasha
  1420 | D:1      | Reached XP level 4. HP: 17/21 MP: 5/5
  1560 | D:1      | Noticed Natasha
  1570 | D:1      | Killed Natasha
  2146 | D:1      | Noticed Natasha
  2199 | D:1      | Killed Natasha
  2200 | D:1      | Reached skill level 5 in Dodging
  2785 | D:3      | Reached XP level 5. HP: 24/24 MP: 6/6
  2912 | D:3      | Found an ancient bone altar of Kikubaaqudgha.
  3646 | D:4      | Found a sacrificial altar of Ru.
  3688 | D:4      | Reached skill level 5 in Shapeshifting
  3768 | D:4      | Found a one-way gate to the infinite horrors of the Abyss.
  3768 | D:4      | Noticed Tollund's ghost (novice OpSh)
  3771 | D:4      | Noticed an ancient zyme
  3779 | D:4      | Found a transporter.
  3798 | D:4      | Found a transporter.
  4142 | D:4      | Noticed a small abomination
  4454 | D:5      | Entered Level 5 of the Dungeon
  4462 | D:4      | Gained mutation: You are covered in thick fur. (AC +2)
                  | [Felid growth]
  4462 | D:4      | Reached XP level 6. HP: 11/28 MP: 7/7
  4833 | D:5      | Demolished by an ogre
  4899 | D:5      | Reached skill level 6 in Dodging
  4993 | D:$      | Got out of the dungeon alive.

Illustrated notes

Levels and vault maps discovered:
D:1:      dpeg_arrival_radiant, layout_basic, minmay_tall_x
D:2:      layout_basic, minmay_diced_spiral, uniq_natasha
D:3:      layout_loops_ring, kennysheep_vampire_church
D:4:      layout_loops_corners, nicolae_ru_sacrificial_ziggurat,
          gammafunk_ghost_abyssal_escape
D:5:      layout_loops_ring, minmay_holes, fountainhead, nicolae_titane

Skill      XL: |  1  2  3  4  5  6 |
---------------+-------------------+-----
Fighting       | 2 3 |  3.3
Dodging        | 3 4 5 6 |  6.0
Shapeshifting  | 5 |  5.3
Unarmed Combat | |  3.0

Action                     |  1- 3 |  4- 6 || total
---------------------------+-------+-------++-------
  Melee: Unarmed           |   103 |   149 ||   252
         Bite              |     6 |    15 ||    21
         Punch             |     1 |     1 ||     2
    Use: Potion            |       |     2 ||     2
         Scroll            |       |     7 ||     7
   Stab: Sleeping          |     1 |     1 ||     2
         Distracted        |       |     1 ||     1
 Armour: Skin              |    28 |    33 ||    61
  Dodge: Dodged            |    85 |   139 ||   224

Table legend: (Time is in decaauts)
 A = Elapsed time spent in this place.
 B = Non-inter-level travel time spent in this place.
 C = Inter-level travel time spent in this place.
 D = Time resting spent in this place.
 E = Time spent auto-exploring this place.
 F = Levels seen in this place.
 G = Mean time per level.
                   A        B        C        D        E       F      G
               +--------+--------+--------+--------+--------+-----+--------+
         Total |   4207 |   3214 |    993 |    609 |   1638 |   5 |  841.4 |
       Dungeon |   4207 |   3214 |    993 |    609 |   1638 |   5 |  841.4 |
               +--------+--------+--------+--------+--------+-----+--------+

Top non-repeatable levels by time:
     D:1: 1553 daAuts
     D:4: 1204 daAuts
     D:3: 736 daAuts
     D:2: 532 daAuts
     D:5: 181 daAuts
